 Dungeon Sprint DCSS version 0.30.1-4-g462c640d31 (webtiles) character file.

Game seed: 5239976839246614213

18187 Heoruswealwe the Ninja (level 12, -14/65 HPs)
             Began as a Spriggan Artificer on Sept 14, 2023.
             Was an Initiate of Gozag.
             Killed from afar by a fire giant (40 damage)
             ... with a fireball
             ... in the Dungeon (Sprint I: "Red Sonja").
             The game lasted 00:53:53 (2454 turns).

Heoruswealwe the Ninja (Spriggan Artificer)         Turns: 2454, Time: 00:53:54

Health: -14/65     AC:  6    Str:  3    XL:     12   Next: 25%
Magic:  13/13      EV: 47    Int: 13    God:    Gozag
Gold:   456        SH:  0    Dex: 24    Spells: 11/11 levels left

rFire   . . .        b - +4 quick blade "Ruhoemui" {venom, rElec rCorr Str-5}
rCold   . . .        (no shield)
rNeg    + . .        c - +1 robe of the Tarantula {rPois Will+ Int+2 Stlth+}
rPois   +            (helmet restricted)
rElec   +            f - +2 cloak {Stlth+}
rCorr   +            (gloves unavailable)
SInv    +            (boots unavailable)
Will    +++..        (no amulet) Stlth **++++++++
                     i - ring of Lakhlazo {rN+ Int-2 Dex+4 Slay+4}
HPRegen 0.30/turn    (no ring)
MPRegen 0.13/turn

%: no teleportation
@: very quick
A: very small, no large weapons, unfitting armour, see invisible, speed 3
a: Renounce Religion, Potion Petition, Call Merchant, Bribe Branch


You were in the Dungeon.
You worshipped Gozag.
Gozag was aware of your devotion.
You visited 1 branch You collected 8705 gold pieces.
You spent 7073 gold pieces at shops.
You donated 32 gold pieces to Zin.
You paid 1144 gold pieces to Gozag.

Inventory:

Hand Weapons
 a - a +7 dagger of holy wrath
 b - the +4 quick blade "Ruhoemui" (weapon) {venom, rElec rCorr Str-5}
   (You found it in the Dungeon)

   Str:       It affects your strength (-5).
   rElec:     It insulates you from electricity.
   rCorr:     It protects you from acid and corrosion.
Armour
 c - the +1 robe of the Tarantula (worn) {rPois Will+ Int+2 Stlth+}
   (You acquired it in the Dungeon)

   Int:       It affects your intelligence (+2).
   rPois:     It protects you from poison.
   Will:      It increases your willpower.
   Stlth:     It makes you more stealthy.
 f - a +2 cloak of stealth (worn)
 j - a +2 robe of cold resistance
 o - a +2 robe of willpower
 t - a +2 robe of positive energy
Jewellery
 i - the ring of Lakhlazo (left hand) {rN+ Int-2 Dex+4 Slay+4}
   (You acquired it in the Dungeon)

   [ring of slaying]

   Int:       It affects your intelligence (-2).
   Dex:       It affects your dexterity (+4).
   Slay:      It affects your accuracy & damage with ranged weapons and melee
   (+4).
   rN:        It protects you from negative energy.
Wands
 d - a wand of charming (23)
 l - a wand of light (3)
 m - a wand of polymorph (9)
 n - a wand of flame (2) (quivered)
Scrolls
 p - 2 scrolls of silence
 q - 10 scrolls of identify
 r - 4 scrolls of enchant armour
Potions
 e - 13 potions of curing
 g - a potion of heal wounds
 h - 6 potions of haste
 z - a potion of might
 A - 2 potions of flight
 B - a potion of invisibility
 C - 2 potions of cancellation
Miscellaneous
 k - a box of beasts


   Skills:
 + Level 8.6 Fighting
 + Level 11.1 Short Blades
 O Level 27 Dodging
 O Level 27 Stealth
 - Level 4.0 Evocations


You had 11 spell levels left.
You didn't know any spells.
Your spell library contained the following spells:

 Spells                   Type           Power      Damage    Failure   Level
 Inner Flame              Hex/Fire       0%         N/A       67%         3
 Yara's Violent Unravell  Hex/Tmut       0%         3d3       100%        5
 Enfeeble                 Hex            0%         N/A       100%        7


Dungeon Overview and Level Annotations

Branches:
Dungeon (1/1)

Altars:
Cheibriados
Dithmenos
Elyvilon
Fedhas
Gozag
Hepliaklqana
Kikubaaqudgha
Makhleb
Nemelex Xobeh
Okawaru
Qazlal
Ru
Sif Muna
Trog
Uskayaw
Vehumet
Wu Jian
Xom
Yredelemnul
Zin
The Shining One
Jiyva
Lugonu

Shops:
D [[(**?[![[*[:**[*=*[!*?*


Innate Abilities, Weirdness & Mutations

You are very small and have problems with some larger weapons.
You are too small for most types of armour.
You have supernaturally acute eyesight. (SInv)
You cover ground extremely quickly. (Speed+++)


Message History

You see here 7 gold pieces.
You now have 456 gold pieces (gained 7).
You see here a staff of poison.
The daeva calls down the wrath of the Shining One upon you.
The Shining One smites you!
There is an open door here.
You close the door.
You start resting.
HP restored.
You open the door.
There is an open door here.
A fire giant comes into view.
It is wielding a +1 great sword of flaming.
A fire giant comes into view.
It is wielding a +2 great sword of flaming.
A fire giant comes into view.
It is wielding a +0 great sword of flaming.
A fire giant comes into view.
It is wielding a +2 great sword of flaming.
Found a sling, 26 gold pieces, 6 poisoned darts and a leather armour.
Found 88 gold pieces and a potion of cancellation.
The fire giant shouts!
The fire giant shouts! x2
You hit the fire giant.
The fire giant is poisoned.
The fire giant is lightly wounded.
The fire giant hits you with a +1 great sword of flaming!
The fire giant burns you.
You hit the fire giant.
The fire giant looks as sick as possible!
The fire giant is lightly wounded.
You barely miss the fire giant.
The fire giant is lightly wounded.
You hit the fire giant.
The fire giant looks as sick as possible!
The fire giant is lightly wounded.
The fire giant gestures at you while chanting.
The fireball explodes!
The fireball engulfs the fire giant.
The fire giant resists.
The fireball engulfs you!!
The fire giant gestures at you while chanting.
The fireball explodes!
The fireball engulfs the fire giant!
The fire giant resists.
The fireball engulfs you!!!
Ouch! That really hurt!
You die...
Your body crumbles into a pile of gold.

'###.###.#..###.°###..#+###,,~#..
...'.∩##.#..####..###...#,~,,##..
########.##'#..#(°#.###.#,~,,#...
.....§##.##.#....°....#.#**,,#...
.....§§§§####.○.......#.#,+,,##..
''######§#.?'.°....####'#,**+*#..
......§#§#####...###....#,*~~~##.
.....§#'§#[$$#####...####,*~~~~##
?????~####).C..C@..###,,^,*~~~~~#
....~~#*,$(..C.#####,,,,****~~~~*
..~~~##*,!....**,,^^,,^^*$$*+~~~'
~~~### *,..C.**,,,,^^,,^*$$$**~~*
###'###*$$$$$*,^,,,,,,,,*$$$$****
####∩∩#**##*******^^,,,,*$$$$*~~~
∩∩∩∩∩##*~≈~~~~~~,*,,,,,^*******~~
###### ***********^,,,,,+,,*,,'$$
*,,,,,+,,,,,^,,,,*,,+,,*$$


You could see 4 fire giants.

Vanquished Creatures
  A golden dragon (D)
  A shadow dragon (D)
  A lorocyproca (D)
  A hydra (D)
  2 centaur warriors (D)
  Sonja (D)
  A deep troll (D)
  A lindwurm (D)
  An oklob plant (D)
  8 shining eyes (D)
  4 demonic crawlers (D)
  7 unseen horrors (D)
  A gargoyle (D)
  2 kobold demonologists (D)
  A hornet (D)
  A slime creature (D)
  Sigmund (D)
  A yak (D)
  13 hogs (D)
  2 redbacks (D)
  7 floating eyes (D)
  An ogre (D)
  7 necrophages (D)
  8 jellies (D)
  Ijyb (D)
  A ballistomycete spore (D)
76 creatures vanquished.

Vanquished Creatures (others)
  A ballistomycete spore (D)
1 creature vanquished.

Grand Total: 77 creatures vanquished

Notes
Turn   | Place    | Note
-------+----------+-------------------------------------------
     0 | D        | Heoruswealwe the Spriggan Artificer began the quest for the
                  | Orb.
     0 | D        | Reached XP level 1. HP: 9/9 MP: 2/2
     1 | D        | Noticed Ijyb
     3 | D        | Killed Ijyb
     4 | D        | Reached XP level 2. HP: 14/14 MP: 3/3
    13 | D        | Noticed an ogre
    24 | D        | Killed an ogre
    25 | D        | Reached XP level 3. HP: 17/17 MP: 4/4
    25 | D        | Reached XP level 4. HP: 21/21 MP: 5/5
    38 | D        | Noticed Sigmund
    41 | D        | Killed Sigmund
    42 | D        | Reached XP level 5. HP: 25/25 MP: 6/6
    42 | D        | Reached XP level 6. HP: 29/29 MP: 7/7
    53 | D        | Found an ornate altar of the Wu Jian Council.
    53 | D        | Found a shimmering blue altar of Sif Muna.
    55 | D        | Found a radiant altar of Vehumet.
    91 | D        | Found Ihaxtuolyth's General Store.
    91 | D        | Found an ancient bone altar of Kikubaaqudgha.
    91 | D        | Found a hazy altar of Hepliaklqana.
    91 | D        | Found a stormy altar of Qazlal.
    91 | D        | Found a hide-covered altar of Uskayaw.
    91 | D        | Found a blossoming altar of Fedhas.
    91 | D        | Found a bloodstained altar of Trog.
    91 | D        | Found an iron altar of Okawaru.
    91 | D        | Found a basalt altar of Yredelemnul.
    91 | D        | Found a glowing golden altar of the Shining One.
    91 | D        | Found a snail-covered altar of Cheibriados.
    91 | D        | Found a sacrificial altar of Ru.
    91 | D        | Found a glowing silver altar of Zin.
    91 | D        | Found a shadowy altar of Dithmenos.
    91 | D        | Found a white marble altar of Elyvilon.
    91 | D        | Noticed a yak
    92 | D        | Found an opulent altar of Gozag.
   101 | D        | Killed a yak
   104 | D        | Found a sparkling altar of Nemelex Xobeh.
   109 | D        | Became a worshipper of Zin the Law-Giver
   109 | D        | Reached * piety under Zin
   109 | D        | Reached ** piety under Zin
   109 | D        | Reached *** piety under Zin
   109 | D        | Reached **** piety under Zin
   109 | D        | Reached ***** piety under Zin
   109 | D        | Reached ****** piety under Zin
   144 | D        | Noticed Sonja
   148 | D        | Killed Sonja
   149 | D        | Reached XP level 7. HP: 32/32 MP: 8/8
   165 | D        | Found Jululoh's Antique Armour Boutique.
   176 | D        | Noticed a shining eye
   176 | D        | Noticed a shining eye
   176 | D        | Noticed a shining eye
   176 | D        | Noticed a shining eye
   176 | D        | Noticed a shining eye
   176 | D        | Noticed a shining eye
   179 | D        | Reached skill level 1 in Fighting
   179 | D        | Reached skill level 1 in Short Blades
   179 | D        | Reached XP level 8. HP: 37/37 MP: 9/9
   179 | D        | Noticed a shining eye
   179 | D        | Noticed a shining eye
   185 | D        | Reached skill level 5 in Dodging
   189 | D        | Killed a shining eye
   190 | D        | Reached skill level 5 in Short Blades
   190 | D        | Killed a shining eye
   191 | D        | Reached XP level 9. HP: 46/46 MP: 10/10
   195 | D        | Killed a shining eye
   196 | D        | Reached skill level 5 in Fighting
   214 | D        | Killed a shining eye
   235 | D        | Killed a shining eye
   236 | D        | Reached skill level 10 in Dodging
   250 | D        | Killed a shining eye
   251 | D        | Reached skill level 27 in Stealth
   262 | D        | Killed a shining eye
   263 | D        | Reached XP level 10. HP: 53/53 MP: 11/11
   276 | D        | Killed a shining eye
   293 | D        | Fell from the grace of Zin
   293 | D        | Became a worshipper of Gozag Ym Sagoz the Greedy
   301 | D        | Noticed a deep troll
   315 | D        | Killed a deep troll
   316 | D        | Reached skill level 15 in Dodging
   333 | D        | Found Vinu's Armour Emporium.
   377 | D        | Identified the +2 leather armour of Powk {Regen+ SInv}
   411 | D        | Found Mijeed's Armour Shoppe.
   411 | D        | Found Qorimi's General Store.
   411 | D        | Found Daogyax's Weapon Emporium.
   411 | D        | Found Unugh's Magic Scroll Boutique.
   459 | D        | Noticed a centaur warrior
   461 | D        | Noticed a centaur warrior
   463 | D        | Killed a centaur warrior
   465 | D        | Killed a centaur warrior
   500 | D        | Noticed an oklob plant
   502 | D        | Killed an oklob plant
   653 | D        | Reached XP level 11. HP: 58/58 MP: 12/12
   747 | D        | Identified the +4 quick blade "Ruhoemui" {venom, rElec
                  | rCorr Str-5}
   766 | D        | Found Doiz's Jewellery Boutique.
   766 | D        | Found Faehuc's Distillery.
   766 | D        | Found Rerumet's Assorted Antiques.
   768 | D        | Found Want's General Store.
   768 | D        | Found Azomanah's Antique Armour Shoppe.
   768 | D        | Found Muesyod's General Store.
   768 | D        | Found Baadol's General Store.
   768 | D        | Found Divipuull's Book Boutique.
   768 | D        | Found Vearphe's Armour Shoppe.
   768 | D        | Found Ciesu's General Store.
   772 | D        | Bought a pink potion for 23 gold pieces
   772 | D        | Bought a scroll labelled WOR NO WEUSUWN for 26 gold pieces
   772 | D        | Found Epsikliv's Armour Emporium.
   773 | D        | Found Umpepn's Antique Armour Boutique.
   773 | D        | Found Hokoud's Distillery.
   774 | D        | Found Forymnis's Antique Armour Shop.
   781 | D        | Bought a glowing cloak for 225 gold pieces
   781 | D        | Bought a heavy robe for 171 gold pieces
   781 | D        | Identified the +1 robe of the Land of Plenty {*Slow Str+2
                  | Int+3} (You bought it in a shop in the Dungeon)
   784 | D        | Bought a runed robe for 111 gold pieces
   846 | D        | Bought a scroll of acquirement for 624 gold pieces
   846 | D        | Bought a scroll of identify for 24 gold pieces
   846 | D        | Bought a scroll of identify for 24 gold pieces
   846 | D        | Bought 2 scrolls of identify for 48 gold pieces
   846 | D        | Bought 3 scrolls of enchant armour for 270 gold pieces
   863 | D        | Acquired 282 gold pieces
   891 | D        | Bought a scroll of silence for 104 gold pieces
   891 | D        | Bought a scroll of enchant weapon for 82 gold pieces
   891 | D        | Bought a scroll of identify for 22 gold pieces
   891 | D        | Bought a scroll of identify for 22 gold pieces
   891 | D        | Bought a scroll of amnesia for 44 gold pieces
   891 | D        | Bought a scroll of immolation for 44 gold pieces
   891 | D        | Bought a scroll of enchant armour for 82 gold pieces
   893 | D        | Bought a scroll of identify for 22 gold pieces
   893 | D        | Bought a scroll of poison for 44 gold pieces
   893 | D        | Bought a potion of haste for 110 gold pieces
   963 | D        | Bought a potion of curing for 33 gold pieces
   963 | D        | Bought a potion of degeneration for 11 gold pieces
   963 | D        | Bought 2 potions of curing for 66 gold pieces
   963 | D        | Bought a potion of curing for 33 gold pieces
   963 | D        | Bought a potion of attraction for 33 gold pieces
   963 | D        | Bought a potion of heal wounds for 55 gold pieces
   963 | D        | Bought a potion of might for 44 gold pieces
   965 | D        | Bought a potion of haste for 260 gold pieces
   966 | D        | Bought a potion of heal wounds for 55 gold pieces
   968 | D        | Bought a scroll of identify for 22 gold pieces
   968 | D        | Bought a potion of flight for 33 gold pieces
   968 | D        | Bought 3 scrolls of magic mapping for 247 gold pieces
   969 | D        | Bought a potion of curing for 42 gold pieces
   969 | D        | Bought a potion of invisibility for 112 gold pieces
   969 | D        | Bought a scroll of identify for 28 gold pieces
   969 | D        | Bought a potion of cancellation for 112 gold pieces
  1044 | D        | Found a burning altar of Makhleb.
  1044 | D        | Found a viscous altar of Jiyva.
  1044 | D        | Found a shimmering altar of Xom.
  1044 | D        | Found a corrupted altar of Lugonu.
  1148 | D        | Noticed a lindwurm
  1151 | D        | Killed a lindwurm
  1332 | D        | Noticed a 12-headed hydra
  1334 | D        | Killed a 12-headed hydra
  1418 | D        | Bought a scroll of torment for 133 gold pieces
  1420 | D        | Bought a +2 robe of cold resistance for 212 gold pieces
  1420 | D        | Bought a +2 robe of willpower for 212 gold pieces
  1421 | D        | Bought a scroll of identify for 28 gold pieces
  1421 | D        | Bought a scroll of silence for 133 gold pieces
  1421 | D        | Bought a potion of haste for 140 gold pieces
  1424 | D        | Bought a potion of curing for 30 gold pieces
  1424 | D        | Bought a potion of curing for 30 gold pieces
  1424 | D        | Bought a potion of resistance for 100 gold pieces
  1424 | D        | Bought a potion of brilliance for 40 gold pieces
  1424 | D        | Bought a potion of heal wounds for 50 gold pieces
  1424 | D        | Bought a potion of curing for 30 gold pieces
  1424 | D        | Bought a potion of curing for 30 gold pieces
  1424 | D        | Bought a potion of flight for 30 gold pieces
  1438 | D        | Bought the amulet of Elemental Vulnerability {rPois rF--
                  | rC-- AC+8} for 421 gold pieces
  1438 | D        | Found the amulet of Elemental Vulnerability {rPois rF--
                  | rC-- AC+8}
  1569 | D        | Noticed a lorocyproca
  1582 | D        | Killed a lorocyproca
  1928 | D        | Bought a scroll of fog for 52 gold pieces
  1928 | D        | Bought a potion of haste for 130 gold pieces
  1928 | D        | Bought a scroll of identify for 26 gold pieces
  1928 | D        | Bought a scroll of acquirement for 676 gold pieces
  1936 | D        | Acquired the +1 robe of the Tarantula {rPois Will+ Int+2
                  | Stlth+}
  2034 | D        | Noticed a shadow dragon
  2034 | D        | Noticed a golden dragon
  2039 | D        | Killed a golden dragon
  2040 | D        | Reached skill level 27 in Dodging
  2040 | D        | Reached XP level 12. HP: 63/63 MP: 13/13
  2040 | D        | Killed a shadow dragon
  2041 | D        | Reached skill level 10 in Short Blades
  2048 | D        | Identified the staff of poison "Utusk" {rPois rF+ rC- rN++
                  | Int+3}
  2108 | D        | Found Igody's Assorted Antiques.
  2127 | D        | Bought a glowing rapier for 175 gold pieces
  2127 | D        | Bought a triangular lapis lazuli amulet for 125 gold pieces
  2127 | D        | Bought a potion of curing for 75 gold pieces
  2127 | D        | Bought a knobbly bronze ring for 125 gold pieces
  2150 | D        | Bought a scroll of enchant armour for 90 gold pieces
  2150 | D        | Bought a scroll of vulnerability for 48 gold pieces
  2150 | D        | Bought a scroll of acquirement for 624 gold pieces
  2167 | D        | Acquired the ring of Lakhlazo {rN+ Int-2 Dex+4 Slay+4}
  2243 | D        | Noticed a daeva
  2444 | D        | Noticed a fire giant
  2447 | D        | Noticed a fire giant
  2448 | D        | Noticed a fire giant
  2449 | D        | Noticed a fire giant
  2454 | D        | Killed from afar by a fire giant

Illustrated notes

Levels and vault maps discovered:
D:        dungeon_sprint_1 [red_sonja_temple_1, red_sonja_temple_small_1]

Skill      XL: |  1  2  3  4  5  6  7  8  9 10 11 12 |
---------------+-------------------------------------+-----
Stealth        | 9 14 18 25 26 27 | 27.0
Fighting       | 1 4 6 7 8 |  8.6
Short Blades   | 1 6 8 9 11 | 11.1
Dodging        | 8 12 20 27 | 27.0
Evocations     | |  4.0

Action                     |  1- 3 |  4- 6 |  7- 9 | 10-12 || total
---------------------------+-------+-------+-------+-------++-------
  Melee: Dagger            |       |     9 |    65 |    81 ||   155
         Punch             |       |     1 |     1 |     7 ||     9
         Quick blade       |       |       |       |   179 ||   179
 Invoke: Call Merchant     |       |       |       |     2 ||     2
  Evoke: Wand              |     5 |     1 |       |    20 ||    26
    Use: Scroll            |       |       |       |    10 ||    10
         Potion            |       |       |       |     6 ||     6
   Stab: Sleeping          |       |     3 |     7 |    28 ||    38
         Invisible         |       |     1 |       |       ||     1
         Distracted        |       |       |       |     3 ||     3
 Armour: Robe              |       |     1 |       |     8 ||     9
  Dodge: Dodged            |     1 |     3 |       |   123 ||   127
